 Dungeon Crawl Stone Soup version 0.32-a0-986-ga09f62fbf4 (webtiles) character file.

Game seed: 16502603327183125339

6980 jamsaran the Toxicologist (level 10, -12/60 (70) HPs)
             Began as a Demonspawn Alchemist on Apr 22, 2024.
             Was a Believer of Nemelex Xobeh.
             Mangled by a spectral orc knight
             ... wielding a +0 halberd
             ... summoned by Nergalle
              (15 damage)
             ... on level 10 of the Dungeon.
             The game lasted 00:25:20 (12373 turns).

jamsaran the Toxicologist (Demonspawn Alchemist)   Turns: 12373, Time: 00:25:21

HP:   -12/60 (70)   AC:  6    Str:  8    XL:     10   Next: 81%
MP:   11/16         EV: 12    Int: 21    God:    Nemelex Xobeh [**....]
Gold: 474           SH:  0    Dex: 15    Spells: 2/17 levels left

rFire   + . .        s - +2 dagger (elec)
rCold   . . .        (no shield)
rNeg    . . .        F - +1 leather armour {rF+}
rPois   .            (no helmet)
rElec   .            d - +0 cloak
rCorr   .            (no gloves)
SInv    .            C - +0 pair of boots of Winter {+Inv Regen+}
Will    .....        (no amulet)
Stlth   +++          (no ring)
HPRegen 1.10/turn    (no ring)
MPRegen 0.15/turn

%: no passive effects
@: brilliant, heavily drained
A: hooves 2, thin skeletal structure 1, demonic guardian 1, powered by pain 1
a: Renounce Religion, Evoke Invisibility, Draw Escape, Draw Destruction, Draw
Summoning


You were on level 10 of the Dungeon.
You worshipped Nemelex Xobeh.
Nemelex Xobeh was pleased with you.
You visited 2 branches of the dungeon, and saw 11 of its levels.

You collected 474 gold pieces.

Inventory:

Hand Weapons
 f - a +4 flail
 s - a +2 dagger of electrocution (weapon)
 E - a +2 whip of draining
Armour
 a - a +0 robe
 d - a +0 cloak (worn)
 p - a +0 leather armour
 C - the +0 pair of boots of Winter (worn) {+Inv Regen+}
   (You found it on level 7 of the Dungeon)

   +Inv:      It lets you turn invisible.
   Regen+:    It increases your rate of health regeneration.
 F - a +1 leather armour of fire resistance (worn)
Wands
 j - a wand of acid (6)
Scrolls
 b - 2 scrolls of amnesia
 c - a scroll of immolation {unknown}
 e - 3 scrolls of torment {unknown}
 i - 2 scrolls of identify
 n - 2 scrolls of enchant armour {unknown}
 q - 3 scrolls of noise {unknown}
 r - 2 scrolls of teleportation
 t - a scroll of enchant weapon {unknown}
 x - a scroll of silence {unknown}
 y - 2 scrolls of fog {unknown}
 z - a scroll of acquirement {unknown}
 A - a scroll of blinking {unknown}
 D - a scroll of summoning {unknown}
Potions
 g - a potion of haste {unknown}
 h - 2 potions of brilliance
 k - a potion of curing
 l - a potion of enlightenment {unknown}
 o - 2 potions of berserk rage {unknown}
 u - a potion of degeneration {unknown}
 v - a potion of attraction {unknown}
 w - a potion of invisibility {unknown}
 B - a potion of lignification {unknown}


   Skills:
 - Level 3.0 Fighting
 - Level 3.0 Armour
 + Level 3.9 Dodging
 - Level 3.0 Stealth
 - Level 4.0 Spellcasting
 - Level 3.0 Conjurations
 - Level 3.0 Hexes
 - Level 6.0 Fire Magic
 - Level 3.0 Air Magic
 + Level 11.3 Alchemy
 + Level 4.6 Invocations
 - Level 3.0 Evocations


You had 2 spell levels left.
You knew the following spells:

 Your Spells              Type           Power      Damage    Failure   Level
a - Sting                 Conj/Alch      100%       1d9       1%          1
b - Sticky Flame          Fire/Alch      57%        2d10      4%          4
c - Inner Flame           Hex/Fire       34%        N/A       8%          3
m - Mephitic Cloud        Conj/Alch/Air  42%        N/A       4%          3
o - Olgreb's Toxic Radia  Alch           67%        N/A       1%          4

Your spell library contained the following spells:

 Spells                   Type           Power      Damage    Failure   Level
 Mercury Vapours          Alch/Air       100%       N/A       1%          2
 Kiss of Death            Conj/Necr      60%        2d10      9%          1
 Ensorcelled Hibernation  Hex/Ice        30%        N/A       14%         2
 Confusing Touch          Hex            25%        N/A       14%         3
 Flame Wave               Conj/Fire      34%        2d10      26%         4
 Fugue of the Fallen      Necr           6%         N/A       45%         3
 Fireball                 Conj/Fire      17%        3d9       58%         5
 Anguish                  Hex/Necr       7%         N/A       65%         4
 Brom's Barrelling Bould  Conj/Erth      15%        2d4       65%         4
 Iskenderun's Battlesphe  Conj           25%        2d8       80%         5
 Dispel Undead            Necr           6%         3d8       86%         4
 Conjure Ball Lightning   Conj/Air       12%        3x3d6     100%        6
 Orb of Destruction       Conj           12%        9d7       100%        7
 Lehudib's Crystal Spear  Conj/Erth      7%         10d3      100%        8
 Chain Lightning          Conj/Air       12%        3d16      100%        9


Dungeon Overview and Level Annotations

Branches:
Dungeon (10/15)            Temple (1/1) D:6             Orc (0/2) D:10
   Lair: D:8-11

Altars:
Ashenzari
Cheibriados
Dithmenos
Fedhas
Gozag
Hepliaklqana
Kikubaaqudgha
Nemelex Xobeh
Okawaru
Qazlal
Ru
Sif Muna
Trog
Uskayaw
Vehumet
Wu Jian
Xom
Yredelemnul

Shops:
D:3 *   D:10 [(

Annotations:
D:6 2 transporters, GiantSquids's ghost, novice OpSh
D:8 Maurice
D:10 Nergalle


Innate Abilities, Weirdness & Mutations

You have hoof-like feet.
You have a somewhat thin skeletal structure. (Dex +2, Stealth+)
A weak demonic guardian rushes to your aid.
You sometimes gain a little power by taking damage.


Message History

You kill the orc!
Nergalle seems less confused.
Nergalle cries out, "Spectres!
Fight for the home you helped make!" The long-dead rise up around you.
You hit Nergalle but do no damage.
Nergalle is heavily wounded.
Nergalle looks even sicker.
Nergalle hits you but does no damage.
The spectral orc warrior closely misses you.
The spectral orc warrior hits you from afar with a +0 trident.
You feel drained.
The spectral orc knight hits you from afar with a +0 halberd!
You focus on the pain.
You feel your power returning.
You feel drained.
Nergalle looks as sick as possible!
The steam dragon hisses angrily.
The steam dragon is poisoned.
Nergalle gestures at you while chanting.
The bolt of negative energy misses you.
The bolt of negative energy hits the spectral orc knight.
The spectral orc knight completely resists.
The spectral orc warrior attacks as it pursues you!
The spectral orc warrior hits you from afar with a +0 trident.
The spectral orc knight hits you from afar with a +0 halberd!
You feel drained.
Unknown command.
The steam dragon looks even sicker.
Your toxic aura wanes.
Nergalle closely misses you.
The spectral orc warrior attacks as it pursues you!
The spectral orc warrior hits you from afar with a +0 trident!
* * * LOW HITPOINT WARNING * * *
You feel drained.
* * * LOW HITPOINT WARNING * * *
The spectral orc warrior attacks as it pursues you!
The spectral orc warrior hits you from afar with a +0 trident!
* * * LOW HITPOINT WARNING * * *
A demonic guardian appears!
You feel drained.
* * * LOW HITPOINT WARNING * * *
The spectral orc knight hits you from afar with a +0 halberd!
You die...
Your body glows slightly and disappears.

...$$..........
#..................###
#...∩.................
#.$...D.<.............
#...>...○.........c...
#####.......○.............
#.......∩.Z..).......$....
............5.............
#....$Z.@..............
#.....Zo..##...........
#.##########...........
#.# #........... #.#
#........... #†#
#....>...... #.#
#........... #.#
#........... #.#
#..........


You could see Nergalle (extremely poisoned), 2 spectral orc warriors, a spectral
orc knight (summoned, ally target), a steam dragon (very poisoned) and a
friendly white imp (summoned).

Vanquished Creatures
  A centaur warrior (D:10)
  A two-headed ogre (D:9)
  A cyclops (D:9)
  A gargoyle (D:10)
  2 trolls (D:9)
  A slime creature (D:7)
  Sigmund (D:5)
  A shadow (D:9)
  A wyvern (D:7)
  3 yaks (D:9)
  An acid dragon (D:9)
  A water moccasin (D:9)
  2 ice beasts (D:5)
  3 orc warriors
  A sky beast (D:8)
  A black bear (D:6)
  6 kobold brigands
  7 bullfrogs (D:8)
  4 scorpions
  7 wights
  4 killer bees
  4 howler monkeys
  6 jellies
  4 orc priests
  A gnoll bouda (D:7)
  A sleepcap (D:5)
  Terence (D:3)
  7 iguanas
  6 orc wizards
  10 gnolls
  6 adders
  A white imp (D:5)
  3 dart slugs
  3 ribbon worms
  17 orcs
  3 bats
  10 endoplasms
  2 giant cockroaches
  3 goblins
  4 hobgoblins
  3 quokkas
  5 ball pythons
  2 frilled lizards
  16 kobolds
  5 rats
173 creatures vanquished.

Vanquished Creatures (collateral kills)
  An endoplasm (D:7)
1 creature vanquished.

Grand Total: 174 creatures vanquished

Notes
Turn   | Place    | Note
-------+----------+-------------------------------------------
     0 | D:1      | jamsaran the Demonspawn Alchemist began the quest for the
                  | Orb.
     0 | D:1      | Reached XP level 1. HP: 13/13 MP: 3/3
   194 | D:1      | Gained mutation: You have a somewhat thin skeletal
                  | structure. (Dex +2, Stealth+) [demonic ancestry]
   194 | D:1      | Reached XP level 2. HP: 19/19 MP: 0/5
  1195 | D:2      | Reached XP level 3. HP: 24/24 MP: 2/6
  1348 | D:2      | Found a faded altar of an unknown god.
  1375 | D:2      | Learned a level 3 spell: Mephitic Cloud
  2179 | D:3      | Reached skill level 4 in Alchemy
  2251 | D:3      | Noticed Terence
  2261 | D:3      | Killed Terence
  2262 | D:3      | Reached XP level 4. HP: 30/30 MP: 4/7
  2833 | D:3      | Found Nofysaas's Assorted Antiques.
  2974 | D:3      | Found a radiant altar of Vehumet.
  3328 | D:4      | Reached skill level 1 in Air Magic
  3500 | D:4      | Gained mutation: You sometimes gain a little power by
                  | taking damage. [demonic ancestry]
  3500 | D:4      | Reached XP level 5. HP: 35/35 MP: 5/8
  3623 | D:5      | Entered Level 5 of the Dungeon
  3648 | D:5      | Noticed Sigmund
  4025 | D:5      | Killed Sigmund
  4026 | D:5      | Reached skill level 5 in Alchemy
  4026 | D:5      | Reached XP level 6. HP: 41/41 MP: 0/9
  4206 | D:5      | Learned a level 4 spell: Olgreb's Toxic Radiance
  4461 | D:4      | Reached skill level 6 in Alchemy
  4882 | D:5      | Noticed an ice beast
  4899 | D:5      | Killed an ice beast
  4900 | D:5      | Reached XP level 7. HP: 23/46 MP: 3/10
  5102 | D:5      | Found a hide-covered altar of Uskayaw.
  6443 | D:5      | Reached skill level 7 in Alchemy
  6449 | D:5      | Learned a level 4 spell: Sticky Flame
  6737 | D:6      | Found a staircase to the Ecumenical Temple.
  6749 | Temple   | Entered the Ecumenical Temple
  6804 | Temple   | Became a worshipper of Nemelex Xobeh the Trickster
  6884 | D:6      | Found a transporter.
  6887 | D:6      | Noticed GiantSquids's ghost (novice OpSh)
  7011 | D:6      | Reached skill level 1 in Fire Magic
  7177 | D:6      | Found a transporter.
  7308 | D:7      | Gained mutation: A weak demonic guardian rushes to your
                  | aid. [demonic ancestry]
  7308 | D:7      | Reached XP level 8. HP: 50/52 MP: 4/12
  7795 | D:7      | Reached skill level 8 in Alchemy
  8166 | D:7      | Reached * piety under Nemelex Xobeh
  8456 | D:7      | Identified the +0 pair of boots of Winter {+Inv Regen+}
  8594 | D:7      | Reached skill level 5 in Fire Magic
  8788 | D:7      | Noticed a slime creature
  8826 | D:7      | Found a stormy altar of Qazlal.
  8826 | D:7      | Found a sacrificial altar of Ru.
  8906 | D:6      | Gained mutation: You have large cloven feet. [demonic
                  | ancestry]
  8906 | D:6      | Reached XP level 9. HP: 57/57 MP: 3/13
  9035 | D:6      | Received a gift from Nemelex Xobeh
  9099 | D:6      | Reached skill level 9 in Alchemy
  9314 | D:6      | Reached skill level 1 in Fighting
  9314 | D:6      | Reached skill level 1 in Invocations
  9630 | D:7      | Found an ornate altar of the Wu Jian Council.
  9634 | D:7      | Found a snail-covered altar of Cheibriados.
 10067 | D:8      | Noticed Maurice
 10164 | D:8      | Reached skill level 1 in Armour
 10175 | D:8      | Learned a level 3 spell: Inner Flame
 10225 | D:8      | Reached skill level 1 in Hexes
 10409 | D:8      | Noticed an elephant
 10488 | D:8      | Reached ** piety under Nemelex Xobeh
 10601 | D:9      | Identified the +4 orcbow of Kismet {flame, rElec rC+}
 10648 | D:9      | Noticed a troll
 10654 | D:9      | Killed a troll
 10655 | D:9      | Reached skill level 1 in Evocations
 10801 | D:9      | Noticed a two-headed ogre
 10811 | D:9      | Killed a two-headed ogre
 10812 | D:9      | Gained mutation: You have hoof-like feet. [demonic
                  | ancestry]
 10812 | D:9      | Reached XP level 10. HP: 70/70 MP: 1/16
 11255 | D:9      | Noticed a cyclops
 11271 | D:9      | Killed a cyclops
 11272 | D:9      | Reached skill level 10 in Alchemy
 12112 | D:10     | Entered Level 10 of the Dungeon
 12112 | D:10     | Noticed Nergalle
 12112 | D:10     | Found a staircase to the Orcish Mines.
 12112 | D:10     | Found Kaudofan's Armour Boutique.
 12112 | D:10     | Found Kuostri's Weapon Boutique.
 12161 | D:10     | Reached skill level 11 in Alchemy
 12192 | D:10     | Noticed a centaur warrior
 12200 | D:10     | Noticed a brown ugly thing
 12213 | D:10     | Got Kawiar's Directory of Overcast Conjuring
 12221 | D:10     | Killed a centaur warrior
 12291 | D:10     | Noticed a gargoyle
 12304 | D:10     | Killed a gargoyle
 12373 | D:10     | HP: 3/60 [spectral orc warrior/+0 trident[Nergalle] (2)]
 12373 | D:10     | Mangled by a spectral orc knight

Illustrated notes

Levels and vault maps discovered:
D:1:      lemuel_arrival_hallway, layout_basic
D:2:      layout_loops_ring, hellmonk_ecumenical_altar_pennies_from_heaven
D:3:      wander_river, layout_basic, mainiacjoe_overflow_alcove_1,
          serial_shops, shop, uniq_terence
D:4:      layout_cave_pods, bloody_makhleb, minmay_bent
D:5:      layout_cave_pods, nicolae_uskayaw_murder_on_the_dancefloor,
          uniq_sigmund
D:6:      layout_cave_pools, minmay_temple_entry_statues_pillars,
          gammafunk_ghost_stat_death
D:7:      cheibrodos_fertilizer, layout_basic, grunt_temple_overflow_diamond,
          gammafunk_temple_overflow_elements
D:8:      layout_cave_pools, grunt_lair_entry_orc_guard_hut, uniq_maurice
D:9:      layout_loops_ring, kennysheep_cluttered_room,
          nicolae_underground_beach
D:10:     minmay_octagon_keep, layout_small_grid, orc_david_3,
          solitary_fountain, minmay_checkerbox, uniq_nergalle
Temple:   eino_temple_water

Skill      XL: |  1  2  3  4  5  6  7  8  9 10 |
---------------+-------------------------------+-----
Conjurations   | 2 3 |  3.0
Alchemy        | 4 5 6 7 8 9 11 | 11.3
Air Magic      | 1 2 3 |  3.0
Spellcasting   | 3 4 |  4.0
Fire Magic     | 2 5 6 |  6.0
Fighting       | 3 |  3.0
Dodging        | 3 |  3.9
Invocations    | 3 4 |  4.6
Armour         | 3 |  3.0
Hexes          | 3 |  3.0
Stealth        | 3 |  3.0
Evocations     | 2 3 |  3.0

Action                     |  1- 3 |  4- 6 |  7- 9 | 10-12 || total
---------------------------+-------+-------+-------+-------++-------
  Melee: Dagger            |    23 |    24 |    95 |    33 ||   175
         Club              |     1 |       |       |       ||     1
   Cast: Sting             |    53 |    79 |   109 |     4 ||   245
         Mephitic Cloud    |     1 |     2 |     3 |     5 ||    11
         Olgreb's Toxic Ra |       |     1 |    31 |    17 ||    49
         Sticky Flame      |       |       |    18 |     4 ||    22
    Use: Scroll            |     4 |       |     7 |     2 ||    13
         Potion            |     1 |     1 |     6 |     1 ||     9
   Stab: Sleeping          |     2 |       |       |     1 ||     3
         Confused          |       |     1 |       |     1 ||     2
         Distracted        |       |       |     1 |       ||     1
 Armour: Robe              |    15 |    33 |    97 |       ||   145
         Leather armour    |       |       |    37 |    40 ||    77
  Dodge: Dodged            |    20 |    29 |   104 |    19 ||   172

Table legend: (Time is in decaauts)
 A = Elapsed time spent in this place.
 B = Non-inter-level travel time spent in this place.
 C = Inter-level travel time spent in this place.
 D = Time resting spent in this place.
 E = Time spent auto-exploring this place.
 F = Levels seen in this place.
 G = Mean time per level.
                   A        B        C        D        E       F      G
               +--------+--------+--------+--------+--------+-----+--------+
         Total |  12402 |  11929 |    473 |   3525 |   6459 |  11 | 1127.5 |
       Dungeon |  12336 |  11872 |    464 |   3525 |   6452 |  10 | 1233.6 |
        Temple |     65 |     56 |      9 |      0 |      7 |   1 |   65.0 |
               +--------+--------+--------+--------+--------+-----+--------+

Top non-repeatable levels by time:
     D:5: 2394 daAuts
     D:7: 1906 daAuts
     D:9: 1638 daAuts
     D:3: 1392 daAuts
     D:6: 1200 daAuts
     D:1: 1174 daAuts
     D:2: 904 daAuts
     D:4: 881 daAuts
     D:8: 623 daAuts
    D:10: 221 daAuts
  Temple: 65 daAuts
